 Dungeon Crawl Stone Soup version 0.20.1-1-g8b1a95d (webtiles) character file.

133 JohnnyMnemonic the Chopper (level 5, -6/45 HPs)
             Began as a Hill Orc Fighter on Oct 19, 2017.
             Was an Initiate of Beogh.
             Killed from afar by an orc wizard (8 damage)
             ... with a magic dart
             ... on level 3 of the Dungeon.
             The game lasted 00:03:36 (2347 turns).

JohnnyMnemonic the Chopper (Hill Orc Fighter)       Turns: 2347, Time: 00:03:36

Health: -6/45      AC:  6    Str: 25    XL:     5   Next: 16%
Magic:  6/6        EV:  7    Int:  8    God:    Beogh [......]
Gold:   123        SH:  9    Dex: 10    Spells: 4/4 levels left

rFire    . . .     SeeInvis .   a - +0 war axe
rCold    . . .     Gourm    .   c - +0 shield
rNeg     . . .     Faith    .   b - +0 scale mail
rPois    .         Spirit   .   (no helmet)
rElec    .         Reflect  .   (no cloak)
rCorr    .         Harm     .   (no gloves)
MR       .....                  (no boots)
Stlth    ..........             m - amulet of inaccuracy (curse)
Regen    0.2/turn               (no ring)
MPRegen  0.1/turn               (no ring)

@: mighty
A: no striking features
a: Renounce Religion


You were on level 3 of the Dungeon.
You worshipped Beogh.
Beogh was noncommittal.
You were not hungry.

You visited 1 branch of the dungeon, and saw 3 of its levels.

You collected 123 gold pieces.

Inventory:

Hand Weapons
 a - a +0 war axe (weapon)
Armour
 b - a +0 scale mail (worn)
 c - a +0 shield (worn)
Jewellery
 m - a cursed amulet of inaccuracy (around neck)
Scrolls
 h - a scroll of fear {unknown}
 j - a scroll of teleportation {unknown}
 l - a scroll of identify {unknown}
 n - a scroll of remove curse {unknown}
 o - a scroll of random uselessness {unknown}
 p - a scroll of enchant weapon {unknown}
Potions
 e - 2 potions of haste {unknown}
 k - a potion of curing {unknown}
Comestibles
 f - 2 bread rations
 g - 3 chunks of flesh
 i - 2 meat rations


   Skills:
 - Level 3.6 Fighting
 + Level 6.2 Axes
 - Level 3.2 Armour
 - Level 3.2 Shields
 + Level 2.5 Invocations


You had 4 spell levels left.
You didn't know any spells.

Dungeon Overview and Level Annotations

Branches:
Dungeon (3/15)

Altars:
Okawaru


Message History

A puff of flame appears from out of thin air!
The puff of flame hits you!
* * * LOW HITPOINT WARNING * * *
You completely miss something.
You hear some strange, mumbled words.
Something tries to affect you, but you resist.
You hear some strange, mumbled words.
Something tries to affect you, but you resist.
You miss something. Something hits you but does no damage.
You closely miss something. Something hits you.
* * * LOW HITPOINT WARNING * * *
You closely miss something.
An orc wizard appears from thin air!
Reactivating autopickup.
The orc wizard hits you but does no damage.
You miss the orc wizard.
The orc wizard is severely wounded.
The orc wizard gestures at you while chanting.
The magic dart hits you!
You die...
Beogh appreciates the orc wizard's killing of a heretic priest.

# #.###.#
#.......#
#.....#
#########
#####.# #.#
###.######
#........#
#.....##.# .
#.....##.#....
#....)@oo.....
#.....##.#....
##.#### # . #.
##


You could see an orc wizard and an orc.

Vanquished Creatures
  An orc priest (D:3)
  2 adders (D:2)
  2 worms (D:2)
  5 dart slugs
  A leopard gecko (D:2)
  6 orcs
  4 giant cockroaches
  8 goblins
  7 hobgoblins
  4 bats
  2 frilled lizards
  10 kobolds
  11 rats
63 creatures vanquished.

Vanquished Creatures (others)
  An orc (D:2)
1 creature vanquished.

Grand Total: 64 creatures vanquished

Notes
Turn   | Place    | Note
-------+----------+-------------------------------------------
     0 | D:1      | JohnnyMnemonic the Hill Orc Fighter began the quest for the Orb.
     0 | D:1      | Reached XP level 1. HP: 19/19 MP: 1/1
    45 | D:1      | Reached skill level 3 in Axes
   391 | D:1      | Reached XP level 2. HP: 22/26 MP: 2/2
   526 | D:1      | Reached skill level 4 in Axes
   923 | D:1      | Reached XP level 3. HP: 31/31 MP: 3/3
  1280 | D:2      | Reached skill level 5 in Axes
  1506 | D:2      | Became a worshipper of Beogh the Brigand
  1553 | D:2      | Reached XP level 4. HP: 34/39 MP: 4/4
  1572 | D:2      | Reached skill level 1 in Invocations
  1911 | D:2      | Found an iron altar of Okawaru.
  2279 | D:3      | Reached skill level 6 in Axes
  2279 | D:3      | Reached XP level 5. HP: 45/45 MP: 6/6
  2345 | D:3      | HP: 2/45 [something (3)]
  2347 | D:3      | Killed from afar by an orc wizard

Skill      XL: |  1  2  3  4 |
---------------+-------------+-----
Axes           | 3 4 5 6 |  6.2
Invocations    | 2 |  2.5
Fighting       | |  3.6
Armour         | |  3.2
Shields        | |  3.2

Action                   |  1- 3 |  4- 6 || total
-------------------------+-------+-------++-------
Melee: War axe           |   100 |   159 ||   259
Invok: Convert to Beogh  |     1 |       ||     1
  Use: Potion            |       |     1 ||     1
  Eat: Chunk             |     2 |     3 ||     5
Armor: Scale mail        |    38 |    78 ||   116
Dodge: Dodged            |    30 |    39 ||    69
Block: Shield            |    48 |    52 ||   100
